 Dungeon Crawl Stone Soup version 0.28.0 (webtiles) character file.

Game seed: 10003361335752011717

102 krispywithak the Ruffian (level 4, -4/39 HPs)
             Began as a Draconian Berserker on Feb 4, 2022.
             Was a Believer of Trog.
             Slain by Sigmund (12 damage)
             ... on level 2 of the Dungeon.
             The game lasted 00:03:25 (1209 turns).

krispywithak the Ruffian (Draconian Berserker)      Turns: 1209, Time: 00:03:26

Health: -4/39      AC:  6    Str: 21    XL:     4   Next: 50%
Magic:  4/4        EV: 13    Int:  8    God:    Trog [**....]
Gold:   37         SH:  0    Dex: 16    Spells: 3/3 levels left

rFire   . . .      SeeInvis .     - Unarmed
rCold   + . .      Faith    .   (no shield)
rNeg    . . .      Spirit   .   (armour unavailable)
rPois   .          Reflect  .   (helmet restricted)
rElec   .          Harm     .   (no cloak)
rCorr   .          Rampage  .   h - +0 pair of gloves
Will    .....                   (no boots)
Stlth   ++........              (no amulet)
HPRegen 0.13/turn               c - ring of protection from cold
MPRegen 0.09/turn               d - +6 ring of dexterity

@: on berserk cooldown, slowed, very slow
A: AC +5, unfitting armour, cold-blooded
a: Renounce Religion, Berserk, Trog's Hand


You were on level 2 of the Dungeon.
You worshipped Trog.
Trog was pleased with you.
You visited 1 branch of the dungeon, and saw 2 of its levels.

You collected 37 gold pieces.

Inventory:

Hand Weapons
 e - a +0 spear
 g - a +2 hunting sling of flaming
 j - a +0 club
Missiles
 f - 2 atropa-tipped darts (quivered)
 i - 24 bolts
 k - 24 stones
Armour
 h - a +0 pair of gloves (worn)
Jewellery
 c - a ring of protection from cold (left hand)
 d - a +6 ring of dexterity (right hand)
Potions
 b - a potion of curing


   Skills:
 + Level 3.6 Fighting
 + Level 3.8 Dodging
 + Level 0.2 Stealth
 + Level 4.1 Unarmed Combat


You had 3 spell levels left.
You didn't know any spells.
Your spell library contained the following spells:

 Spells                   Type           Power      Damage    Failure   Level
 Corpse Rot               Necr/Air       0%         N/A       54%         2
 Dispel Undead            Necr           0%         3d6       99%         4
 Death Channel            Necr           0%         N/A       100%        6


Dungeon Overview and Level Annotations

Branches:
Dungeon (2/15)

Altars:
Vehumet

Annotations:
D:2 Sigmund


Innate Abilities, Weirdness & Mutations

Your plain brown scales are hard. (AC +5)
You cannot fit into any form of body armour.
You are cold-blooded and may be slowed by cold attacks.


Message History

You kill the adder!
Trog accepts your kill.
The endoplasm hits you but does no damage.
Jessica gestures at you while chanting.
You barely resist.
You have reached level 4!
You feel clever.
Items here: ! $ ( ) [ ††.
You punch Jessica!
You kill Jessica!
Trog accepts your kill.
Trog appreciates your killing of a magic user.
The endoplasm barely misses you.
A frilled lizard comes into view.
You are no longer berserk.
You are exhausted.
You feel yourself slow down.
The frilled lizard hisses angrily.
The endoplasm barely misses you.
Things that are here:
a +0 club; a +0 robe; the human corpse of Jessica The endoplasm hits you but does no damage.
Something hits you but does no damage.
Items here: ! $ ( ) [ ††.
You barely miss the endoplasm. The endoplasm barely misses you.
Something hits you!
The endoplasm hits you but does no damage.
You hit the endoplasm. You tail-slap the endoplasm.
You kill the endoplasm!
Trog accepts your kill. Something hits you. Something hits you.
Things that are here:
a +0 club; a +0 robe; the human corpse of Jessica You barely miss something.
You miss something. Something barely misses you.
You barely miss something. Something hits you!
* * * LOW HITPOINT WARNING * * *
You barely miss something. Something hits you!
You die...

.......... #.......#
...##### #.......####
#...... +.......'..#
#..... ##.......##'##
#.... .....)†#.....#
#... .#####.#.....# #l.
.#<#...#.....# #.#
.#.#<###.....###@#####.#
................)......#
##.#.#########.#.......#
...#.# #.#.......#
####.# #.#.#.....# #
##'#### #.#.#.###.#
###.....# #.#.... .
..'.....# #.###.##
###.....# #.#


You could see a frilled lizard.

Vanquished Creatures
  Jessica (D:2)
  Natasha (D:2)
  An adder (D:2)
  A dart slug (D:1)
  6 bats
  2 endoplasms (D:2)
  2 giant cockroaches
  2 goblins (D:1)
  4 hobgoblins
  4 jackals
  2 quokkas
  2 ball pythons
  4 frilled lizards
  4 kobolds
  3 rats
39 creatures vanquished.

Notes
Turn   | Place    | Note
-------+----------+-------------------------------------------
     0 | D:1      | krispywithak the Draconian Berserker began the quest for
                  | the Orb.
     0 | D:1      | Reached XP level 1. HP: 19/19 MP: 1/1
   337 | D:1      | Reached XP level 2. HP: 26/26 MP: 2/2
   698 | D:1      | Found a faded altar of an unknown god.
   986 | D:2      | Found a radiant altar of Vehumet.
  1030 | D:2      | Reached XP level 3. HP: 31/31 MP: 3/3
  1148 | D:2      | Reached ** piety under Trog
  1170 | D:2      | Noticed Natasha
  1186 | D:2      | Killed Natasha
  1187 | D:2      | Reached skill level 4 in Unarmed Combat
  1189 | D:2      | Noticed Jessica
  1194 | D:2      | Noticed Sigmund
  1199 | D:2      | Reached XP level 4. HP: 39/39 MP: 4/4
  1200 | D:2      | Killed Jessica
  1209 | D:2      | Slain by Sigmund

Illustrated notes

Levels and vault maps discovered:
D:1:      mrwooster_arrival_statue, layout_rooms,
          chequers_ecumenical_altar_grove, st_stairs_7, serial_bayou_crossing
D:2:      layout_basic, basic_altar, uniq_natasha, uniq_sigmund, uniq_jessica

Skill      XL: |  1  2  3 |
---------------+----------+-----
Dodging        | 3 |  3.8
Unarmed Combat | 4 |  4.1
Fighting       | |  3.6
Stealth        | |  0.2

Action                   |  1- 3 |  4- 6 || total
-------------------------+-------+-------++-------
Melee: Unarmed           |   123 |     7 ||   130
       Tailslap          |    11 |     1 ||    12
       Punch             |     2 |       ||     2
Invok: Berserk           |     1 |       ||     1
  Use: Scroll            |     2 |       ||     2
       Potion            |     1 |       ||     1
Armor: Skin              |    67 |     3 ||    70
Dodge: Dodged            |   118 |     4 ||   122
